 Dungeon Crawl Stone Soup version 0.24.1-14-gf8d2b509d9 (webtiles) character file.

Game seed: 3184406275471250632, levelgen mode: deterministic

310 Amplified the Skirmisher (level 6, -12/51 HPs)
             Began as a Minotaur Fire Elementalist on May 22, 2020.
             Was a Priest of Zin.
             Mangled by Sigmund
             ... wielding a +4 scythe of venom
              (14 damage)
             ... on level 4 of the Dungeon.
             The game lasted 00:05:42 (3092 turns).

Amplified the Skirmisher (MiFE)                     Turns: 3092, Time: 00:05:43

Health: -12/51     AC:  2    Str: 16    XL:     6   Next: 17%
Magic:  5/7        EV: 19    Int: 13    God:    Zin [***...]
Gold:   229        SH:  0    Dex: 16    Spells: 6/7 levels left

rFire    . . .     SeeInvis .   g - +2 dagger (elec)
rCold    . . .     Gourm    .   (no shield)
rNeg     . . .     Faith    .   a - +0 robe
rPois    ∞         Spirit   .   (helmet unavailable)
rElec    .         Reflect  .   (no cloak)
rCorr    .         Harm     .   (no gloves)
MR       .....                  (no boots)
Stlth    +++.......             d - amulet of the acrobat
HPRegen  0.17/turn              b - ring of flight
MPRegen  0.10/turn              (no ring)

@: agile, lethally poisoned (-12 -> -12), vitalised, about to teleport
A: retaliatory headbutt, horns 3
a: Recite, Vitalisation, Imprison, Donate Gold, Renounce Religion, Evoke Flight


You were on level 4 of the Dungeon.
You worshipped Zin.
Zin was most pleased with you.
You were hungry.

You visited 1 branch of the dungeon, and saw 4 of its levels.

You collected 254 gold pieces.
You donated 25 gold pieces to Zin.

Inventory:

Hand Weapons
 e - a +2 dagger of holy wrath
 g - a +2 dagger of electrocution (weapon)
Missiles
 k - 20 poisoned darts (quivered)
Armour
 a - a +0 robe (worn)
Jewellery
 b - a ring of flight (left hand)
 d - an amulet of the acrobat (around neck)
Scrolls
 i - a scroll of fog
 n - 2 scrolls of remove curse
Comestibles
 c - 2 rations


   Skills:
 * Level 3.4 Fighting
 * Level 3.2 Short Blades
 + Level 2.3 Armour
 + Level 3.2 Dodging
 - Level 2.0 Stealth
 - Level 1.3 Spellcasting
 - Level 0.6 Conjurations
 - Level 2.1 Fire Magic
 * Level 2.5 Invocations


You had 6 spell levels left.
You knew the following spells:

 Your Spells              Type           Power        Failure   Level  Hunger
a - Flame Tongue          Conj/Fire      #....        16%         1    ##.....

Your spell library contained the following spells:

 Spells                   Type           Power        Failure   Level  Hunger
 Throw Flame              Conj/Fire      #.....       24%         2    ###....
 Conjure Flame            Conj/Fire      #.......     43%         3    ####...
 Inner Flame              Hex/Fire       #.......     45%         3    ####...
 Sticky Flame             Conj/Fire      #.......     83%         4    #####..
 Fireball                 Conj/Fire      #.........   99%         5    ######.


Dungeon Overview and Level Annotations

Branches:
Dungeon (4/15)
 Temple: D:4-7

Altars:
Elyvilon
Kikubaaqudgha
Uskayaw
Zin

Annotations:
D:3 Ijyb
D:4 Sigmund


Innate Abilities, Weirdness & Mutations

You reflexively headbutt those who attack you in melee.
You have a pair of large horns on your head.


Message History

You miss something. Your headbutt misses something. Something hits you!
You are poisoned.
You puncture something!
You feel sick.
Okay, then.
You feel agile all of a sudden. Something hits you!
Okay, then.
Okay, then.
You feel sick.
As you read the scroll of teleportation, it crumbles to dust.
You feel strangely unstable. Something hits you!
* * * LOW HITPOINT WARNING * * *
You are more poisoned.
* * * LOW HITPOINT WARNING * * *
You feel sick.
You aren't carrying any potions.
Unknown command.
Zin grants you divine stamina. Something hits you!
You die...

#.###.####........
...#.......8.......8..+
##.!.#####............#
##.## #.8.......8..#
#.# #....%)!.....# #.#
#.8..._...8..# #.#
#....###....# #.#
###..{....# #.#
#####@### #.#
#####.######## ###)#
#.......PPPP.# ....#
#.###..P.....# #####
#.# #..P...P.##... #.#
#.#P...P...... #.#
#....PPP####.# #.#
#####.### #.# #.#


There were no monsters in sight!

Vanquished Creatures
  Edmund (D:4)
  A scorpion (D:4)
  An orc wizard (D:4)
  A worker ant (D:4)
  4 adders
  A dart slug (D:3)
  2 leopard geckos
  4 orcs
  A ball python (D:3)
  2 giant cockroaches
  A hobgoblin (D:2)
  3 jackals (D:3)
  2 quokkas
  6 bats
  6 frilled lizards
  7 goblins
  4 kobolds
  8 rats
55 creatures vanquished.

Vanquished Creatures (others)
  4 toadstools (D:4)
4 creatures vanquished.

Grand Total: 59 creatures vanquished

Notes
Turn   | Place    | Note
-------+----------+-------------------------------------------
     0 | D:1      | Amplified the Minotaur Fire Elementalist began the quest
                  | for the Orb.
     0 | D:1      | Reached XP level 1. HP: 14/14 MP: 1/1
   364 | D:1      | Reached skill level 1 in Fighting
   823 | D:1      | Reached XP level 2. HP: 23/23 MP: 3/3
   997 | D:2      | Found a faded altar of an unknown god.
  1035 | D:2      | Became a worshipper of Zin the Law-Giver
  1035 | D:2      | Reached * piety under Zin
  1042 | D:2      | Reached skill level 1 in Short Blades
  1044 | D:2      | Gained mutation: You have a pair of large horns on your
                  | head. [potion of mutation]
  1344 | D:2      | Reached XP level 3. HP: 21/29 MP: 4/4
  1471 | D:2      | Reached skill level 1 in Armour
  1485 | D:2      | Reached ** piety under Zin
  1646 | D:2      | Found a white marble altar of Elyvilon.
  1780 | D:2      | You fall into a shaft and drop 1 floor!
  1877 | D:3      | Reached XP level 4. HP: 25/36 MP: 5/5
  1894 | D:3      | Noticed Ijyb
  1989 | D:3      | Reached skill level 1 in Invocations
  2569 | D:4      | Found an ancient bone altar of Kikubaaqudgha.
  2574 | D:4      | Reached XP level 5. HP: 40/42 MP: 6/6
  2631 | D:4      | Found a hide-covered altar of Uskayaw.
  2632 | D:4      | Noticed Sigmund
  2728 | D:4      | Noticed Edmund
  2749 | D:4      | Killed Edmund
  2749 | D:4      | Reached XP level 6. HP: 26/51 MP: 7/7
  3064 | D:4      | Reached *** piety under Zin
  3091 | D:4      | HP: 2/51 [poisoned by Sigmund]
  3092 | D:4      | Mangled by Sigmund

Levels and vault maps discovered:
D:1:      dpeg_arrival_rooms_a, layout_basic
D:2:      cheibrodos_old_hovel, layout_basic, marbit_many_paths,
          chequers_ecumenical_altar_island
D:3:      layout_basic, gup_sewer_entry_glass, kennysheep_flooded_box, uniq_ijyb
D:4:      layout_loops_corners, kennysheep_little_box,
          eat_drink_and_be_merry_uskayaw, minmay_temple_entry_purple_smoke,
          first_ration, minmay_gold_behind_fungi, kennysheep_small_square,
          uniq_sigmund, uniq_robin, uniq_edmund

Skill      XL: |  1  2  3  4  5 |
---------------+----------------+-----
Fighting       | 1 2 3 |  3.4
Short Blades   | 1 2 3 |  3.2
Stealth        | 2 |  2.0
Armour         | 1 2 |  2.3
Invocations    | 1 2 |  2.5
Dodging        | 3 |  3.2
Spellcasting   | |  1.3
Conjurations   | |  0.6
Fire Magic     | |  2.1

Action                   |  1- 3 |  4- 6 || total
-------------------------+-------+-------++-------
Melee: Dagger            |    98 |    68 ||   166
       Unarmed           |    13 |       ||    13
       Headbutt          |     7 |     5 ||    12
Throw: Dart              |       |     5 ||     5
 Cast: Flame Tongue      |     1 |       ||     1
Invok: Recite            |       |     1 ||     1
       Vitalisation      |       |     1 ||     1
  Use: Scroll            |     7 |     3 ||    10
       Potion            |     3 |     6 ||     9
 Stab: Sleeping          |     2 |     1 ||     3
  Eat: Chunk             |     1 |     2 ||     3
       Ration            |     1 |       ||     1
Armor: Robe              |    25 |    10 ||    35
Dodge: Dodged            |    89 |    52 ||   141
